Map: Cerulean Fall LE

Players

kpman - Winner!

  • Race: Terran Terran
  • League: Platinum
  • Spawn Location: 1:00

Mesrob

  • Race: Terran Terran
  • League: Gold
  • Spawn Location: 7:00

VOD

Have the link to the VOD?

Description

Time

  • Played on: Jan. 16, 2019, 11:03 p.m.
  • Length: 23:41
Show
View Real Time Build Order
Export as new Build Order

kpman Terran - Winner!

Build Orders:  

Get SALT Encoding   

  12  0:07  SCV  
  13  0:17  Supply Depot  
  13  0:19  SCV  
  14  0:31  SCV  
  14  0:32  Supply Depot  
  15  0:43  SCV  
  16  0:55  SCV  
  16  0:56  Barracks  
  17  1:02  Refinery  
  17  1:08  SCV  
  18  1:17  Refinery  
  18  1:20  SCV  
  19  1:32  SCV  
  20  1:46  Orbital Command  
  20  1:47  Barracks Reactor  
  20  2:07  Command Center  
  20  2:15  SCV  
  21  2:23  Factory  
  21  2:27  Marine, SCV  
  21  2:29  Marine  
  24  2:39  SCV  
  25  2:49  Marine x2  
  27  2:52  Supply Depot  
  27  2:57  Barracks  
  28  2:58  SCV  
  28  3:10  SCV  
  28  3:11  Marine x2  
  31  3:12  Factory Tech Lab  
  31  3:22  Orbital Command  
  31  3:25  SCV  
  32  3:30  Marine x2  
  34  3:42  Starport, SCV  
  34  3:48  Marine  
  36  3:51  SCV  
  36  3:54  Marine, Barracks Tech Lab  
  38  3:59  Siege Tank  
  38  4:02  SCV  
  42  4:08  SCV  
  42  4:09  Marine  
  43  4:14  SCV  
  43  4:15  Marine, Engineering Bay  
  43  4:16  Marine  
  47  4:22  Refinery  
  47  4:25  SCV  
  47  4:27  Marine  
  47  4:29  Supply Depot  
  49  4:35  Engineering Bay  
  49  4:36  Marine  
  50  4:38  Starport Reactor  
  50  4:41  Marauder  
  50  4:44  SCV  
  53  4:50  SCV  
  53  4:51  Marine  
  55  4:54  Siege Tank  
  55  4:56  SCV  
  55  4:59  Terran Infantry Weapons Level 1  
  59  5:04  Supply Depot  
  59  5:06  SCV  
  60  5:10  SCV  
  60  5:11  Missile Turret  
  61  5:18  Supply Depot, SCV  
  61  5:20  Terran Infantry Armor Level 1  
  62  5:25  SCV  
  62  5:27  Medivac  
  65  5:32  Siege Tank  
  68  5:37  Armory  
  68  5:40  Armory  
  68  5:45  Missile Turret  
  68  5:46  Supply Depot, SCV  
  68  5:48  SCV  
  70  5:57  Marine  
  70  5:58  Marine x2, SCV  
  70  6:00  SCV  
  75  6:08  Medivac  
  75  6:10  SCV  
  78  6:12  Siege Tank, SCV  
  78  6:14  Medivac  
  78  6:15  Marine x2  
  86  6:20  Supply Depot  
  86  6:33  Terran Vehicle Weapons Level 1  
  86  6:36  Supply Depot  
  86  6:37  Terran Vehicle And Ship Armor Level 1  
  86  6:41  Marine x3, Supply Depot, SCV x2  
  91  6:51  Refinery  
  91  6:53  Stimpack, SCV x2  
  93  6:57  Medivac  
  93  6:59  Marine x2  
  97  7:04  Supply Depot  
  97  7:05  SCV x2  
  99  7:10  Command Center  
  99  7:16  Marine  
  99  7:17  SCV x2  
  99  7:19  Terran Infantry Armor Level 2  
  102  7:27  Supply Depot  
  104  7:30  SCV x2  
  104  7:32  Siege Tank  
  104  7:33  Viking  
  104  7:35  Marine  
  104  7:36  Marine, Marauder  
  113  7:42  SCV  
  114  7:53  Marine x2  
  114  7:58  Marauder  
  118  8:03  Factory, Command Center  
  118  8:05  SCV  
  119  8:11  Marine x2  
  119  8:12  Siege Tank  
  124  8:13  Viking  
  126  8:20  Barracks  
  126  8:22  Marauder  
  126  8:23  Refinery  
  128  8:27  Refinery  
  128  8:29  Marine x2  
  128  8:31  Orbital Command  
  128  8:33  SCV x2  
  132  8:43  Marine  
  132  8:45  SCV x2  
  127  8:58  SCV  
  117  9:12  SCV  
  117  9:15  SCV  
  113  9:23  Liberator x2  
  110  9:30  Marine, Marauder  
  110  9:31  SCV  
  111  9:33  Orbital Command  
  111  9:42  Marine, Siege Tank  
  121  9:49  Marine, SCV  
  121  9:50  SCV  
  121  9:51  SCV  
  121  9:52  Marauder  
  127  10:00  Marine  
  127  10:02  SCV  
  127  10:05  Missile Turret  
  129  10:07  Marine  
  129  10:08  Terran Vehicle Weapons Level 2  
  129  10:09  Terran Vehicle And Ship Armor Level 2  
  129  10:12  Factory Tech Lab  
  129  10:13  Marine  
  134  10:14  Siege Tank  
  134  10:17  SCV  
  134  10:18  Factory  
  135  10:23  Viking x2  
  121  10:46  Marine x2  
  115  10:56  Marauder  
  107  10:57  Siege Tank x2  
  107  10:58  Viking x2  
  107  11:03  Marine  
  114  11:05  Marine  
  114  11:06  SCV  
  114  11:09  Terran Infantry Weapons Level 2  
  116  11:16  SCV  
  116  11:18  Marauder, SCV  
  120  11:21  Marine, Refinery  
  120  11:22  SCV  
  120  11:23  Marine, Refinery  
  123  11:28  Viking x2, SCV  
  123  11:29  Siege Tank x2  
  134  11:34  SCV x3  
  134  11:39  Marine, Marauder  
  140  11:45  Marine  
  140  11:47  Starport  
  141  11:49  Fusion Core  
  141  11:55  SCV  
  141  11:57  Marine  
  141  12:00  Marine  
  144  12:01  Siege Tank x2  
  144  12:03  Marine  
  151  12:15  Marine  
  152  12:18  Marine  
  152  12:20  Command Center x2  
  152  12:21  Marine  
  154  12:33  Marine  
  155  12:37  SCV  
  155  13:10  Factory Tech Lab  
  155  13:13  Marauder  
  155  13:14  Siege Tank  
  155  13:16  Siege Tank  
  151  13:20  Marine, SCV x2  
  151  13:21  Marine  
  152  13:35  Marauder  
  152  13:40  SCV  
  155  13:43  SCV  
  155  13:44  Marine  
  155  13:45  Marine  
  155  13:46  Widow Mine  
  160  13:48  Siege Tank  
  160  13:56  Marauder  
  160  14:02  Marine x2, SCV x2  
  164  14:03  Command Center  
  164  14:05  SCV  
  164  14:07  Missile Turret  
  167  14:18  Marauder  
  167  14:19  Command Center  
  167  14:20  Marine x2  
  163  14:38  Marine x2  
  149  14:39  Marauder  
  149  14:41  Siege Tank x3  
  146  14:56  Marine x2  
  146  15:00  Marauder  
  146  15:03  Viking  
  146  15:04  Viking, SCV  
  148  15:13  Siege Tank x3  
  148  15:14  Marine x2  
  134  15:22  Marauder  
  136  15:29  Barracks  
  136  15:30  Barracks  
  136  15:31  Marine x2, Barracks  
  136  15:33  Barracks  
  136  15:35  Orbital Command  
  138  15:36  Barracks  
  138  15:37  SCV x2  
  138  15:39  Orbital Command  
  138  15:40  SCV, Barracks  
  138  15:41  SCV  
  142  15:42  Barracks  
  142  15:43  Marauder  
  142  15:45  Siege Tank x2  
  142  15:46  Siege Tank  
  142  15:49  Marine x2, SCV x2  
  157  15:50  Missile Turret  
  157  15:53  SCV x2  
  159  16:01  SCV  
  159  16:03  Orbital Command  
  160  16:04  Marauder  
  160  16:05  SCV x2  
  160  16:07  Marine x2  
  160  16:09  SCV x3  
  169  16:17  Siege Tank  
  169  16:18  Marine  
  173  16:21  Marine, SCV  
  173  16:22  SCV  
  173  16:23  Marine  
  173  16:25  Marine x2, Terran Vehicle Weapons Level 3  
  179  16:26  Marauder, Terran Infantry Weapons Level 3  
  179  16:28  Marine, Terran Infantry Armor Level 3, Terran Vehicle And Ship Armor Level 3  
  179  16:29  SCV  
  179  16:31  Marine, Siege Tank x2  
  190  16:36  Marine  
  190  16:39  Marine  
  191  16:43  Marine x2  
  191  16:44  Weapon Refit  
  184  16:47  Marauder  
  184  16:49  Marine x2  
  184  16:50  Marine  
  184  16:51  SCV  
  184  16:53  Marine, SCV  
  177  16:57  Marine  
  177  17:00  Marine  
  177  17:01  Marine  
  160  17:07  Marine x3  
  152  17:09  Marauder  
  152  17:11  Marine  
  152  17:14  Marine x3  
  150  17:18  Marine x2  
  150  17:20  SCV  
  150  17:21  SCV  
  149  17:24  Marine  
  149  17:25  Refinery, Marine x2  
  149  17:26  Refinery  
  149  17:29  Marine  
  150  17:30  Marauder  
  150  17:31  Marine, SCV x5  
  150  17:32  Marine, SCV  
  150  17:33  Marine  
  157  17:39  Starport x2  
  157  17:40  Starport x2  
  157  17:41  Starport  
  157  17:42  Marine  
  155  17:45  Marine x4  
  155  17:47  Marine  
  155  17:49  Marine  
  155  17:50  Marine  
  150  17:51  Marine, Marauder  
  142  18:00  Marine  
  142  18:02  Marine, SCV  
  142  18:03  Marine x3  
  142  18:05  Marine  
  144  18:07  Marine  
  144  18:08  Marine  
  144  18:09  Marine  
  139  18:13  Marauder  
  139  18:18  Marine  
  140  18:20  Marine  
  140  18:21  Marine x3  
  140  18:23  Marine  
  140  18:24  Starport Tech Lab x2  
  140  18:25  Marine, Starport Tech Lab  
  140  18:26  Marine  
  147  18:27  Marine  
  150  18:34  Marauder  
  150  18:35  Starport Tech Lab, Marine  
  150  18:38  Marine x2  
  150  18:39  Marine, Starport Tech Lab  
  154  18:43  Marine  
  154  18:44  Marine  
  145  18:53  Battlecruiser  
  145  18:54  Siege Tank x3  
  147  18:56  Marauder  
  147  19:01  Marine x3  
  147  19:02  Marine x4  
  143  19:03  Battlecruiser x2  
  143  19:04  Battlecruiser x2  
  151  19:17  Marauder  
  151  19:22  Marine  
  151  19:23  Marine x3  
  151  19:24  Marine x5  
  149  19:26  Siege Tank x3  
  162  19:38  Marauder, Orbital Command  
  164  19:40  Marine  
  164  19:41  Marine  
  166  19:47  SCV  
  166  19:49  Marine x5  
  166  19:50  Marine x2  
  174  19:53  SCV  
  174  19:57  Battlecruiser  
  174  19:58  Marine, Siege Tank  
  174  19:59  Marine  
  186  20:02  Marauder  
  174  20:16  Marine x5  
  174  20:20  Marine x2  
  179  20:21  Refinery x2, Marine x2  
  179  20:23  Battlecruiser  
  179  20:24  Marauder  
  179  20:25  Battlecruiser  
  179  20:27  Battlecruiser  
  174  20:32  Battlecruiser  
  174  20:34  Marine x5  
  174  20:38  Marine  
  174  20:42  Marine x2  
  170  20:43  Marine  
  170  20:45  Marauder  
  167  20:51  Marine x5  
  167  20:56  Marine  
  167  21:00  Marine x2  
  167  21:01  Marine  
  170  21:05  SCV  
  170  21:06  Marauder  
  173  21:14  SCV  
  173  21:16  Terran Ship Weapons Level 1  
  174  21:19  Marine x2  
  174  21:20  Marine x3  
  179  21:49  Marine x2  
  179  21:50  Marine  
  179  21:51  SCV  
  179  21:53  Marine  
  179  22:46  Marine x4  
  179  22:47  Marauder  
  160  23:02  SCV  
  161  23:08  Marauder  
  163  23:16  SCV  
  152  23:27  SCV  
  152  23:29  SCV  
Show
View Real Time Build Order
Export as new Build Order

Mesrob Terran 

Build Orders: Mech 

Get SALT Encoding   

  12  0:01  SCV  
  13  0:13  SCV  
  14  0:17  Supply Depot  
  14  0:25  SCV  
  15  0:39  SCV  
  15  0:40  Barracks  
  16  0:46  Refinery  
  16  0:51  SCV  
  17  1:03  SCV  
  18  1:15  SCV  
  19  1:27  Orbital Command  
  19  1:40  Command Center  
  19  1:42  Marine  
  20  1:56  SCV, Bunker  
  21  2:09  Factory  
  21  2:22  SCV  
  22  2:24  Barracks Tech Lab  
  22  2:27  Refinery  
  22  2:34  SCV  
  22  2:35  Supply Depot  
  23  2:51  SCV  
  23  2:58  Supply Depot  
  24  2:59  Siege Tank  
  24  3:01  Engineering Bay  
  24  3:05  SCV  
  28  3:09  Orbital Command  
  28  3:17  SCV  
  28  3:19  Marine  
  30  3:29  SCV  
  30  3:31  Siege Tank  
  34  3:37  Missile Turret x2  
  34  3:41  SCV  
  35  3:48  Missile Turret  
  35  4:02  SCV  
  36  4:07  SCV  
  37  4:10  Missile Turret  
  37  4:14  Siege Tank, SCV  
  41  4:19  SCV  
  42  4:28  Refinery, Armory  
  42  4:34  Missile Turret  
  42  4:40  Command Center  
  42  4:44  Refinery, SCV  
  43  4:46  SCV  
  43  4:51  Siege Tank  
  47  4:55  Missile Turret  
  47  4:56  SCV  
  47  4:59  SCV  
  49  5:08  SCV  
  50  5:18  Factory  
  50  5:19  Factory  
  50  5:22  Factory  
  50  5:46  SCV  
  50  5:47  SCV  
  52  5:54  Terran Vehicle Weapons Level 1  
  52  5:58  SCV  
  52  5:59  SCV  
  54  6:05  Factory, Factory Reactor, Factory Tech Lab  
  54  6:06  Factory Reactor  
  54  6:10  Thor  
  60  6:32  Planetary Fortress  
  60  6:36  SCV x2  
  62  6:40  Missile Turret  
  62  6:48  SCV x2  
  64  6:56  Sensor Tower  
  64  7:00  SCV  
  64  7:01  Missile Turret  
  65  7:07  SCV  
  66  7:09  Factory Tech Lab  
  66  7:12  Hellbat, SCV  
  69  7:16  Refinery  
  69  7:17  Missile Turret  
  69  7:21  Missile Turret  
  69  7:29  Supply Depot  
  69  7:36  Supply Depot  
  69  7:39  Missile Turret  
  69  7:48  Terran Vehicle And Ship Armor Level 1  
  69  7:50  Thor  
  69  7:51  Hellbat  
  77  7:53  Supply Depot, Armory  
  77  7:58  Hellbat x2, Supply Depot, SCV  
  82  8:00  Missile Turret  
  82  8:04  Refinery  
  82  8:11  Command Center  
  82  8:15  Thor  
  82  8:18  Supply Depot  
  88  8:20  Supply Depot  
  88  8:26  Factory  
  88  8:35  Factory  
  88  8:39  Supply Depot  
  88  8:40  Missile Turret  
  88  8:42  Hellbat x4, Supply Depot  
  88  9:04  Supply Depot  
  88  9:09  Thor x2  
  78  9:11  Factory  
  69  9:27  Thor  
  69  9:30  Hellbat x3  
  79  9:42  Factory Reactor  
  79  9:43  Factory Tech Lab  
  79  9:52  Thor  
  85  10:05  Hellbat x4  
  85  10:06  Thor  
  105  10:23  Thor  
  105  10:25  Thor  
  113  10:28  Hellbat  
  92  11:00  Thor x2  
  92  11:01  Hellbat x2  
  102  11:08  Planetary Fortress  
  102  11:13  Refinery  
  102  11:18  SCV x3  
  105  11:30  SCV  
  106  11:36  Terran Vehicle Weapons Level 2  
  106  11:39  Terran Vehicle And Ship Armor Level 2  
  106  11:45  Refinery  
  106  11:49  Refinery  
  106  11:52  SCV x3  
  109  12:04  Supply Depot, SCV  
  109  12:05  SCV x2  
  112  12:10  Supply Depot  
  112  12:13  Thor  
  118  12:16  SCV  
  118  12:17  Factory Tech Lab, SCV  
  120  12:27  Supply Depot  
  120  12:30  Factory  
  120  12:32  SCV x2  
  120  12:33  Factory  
  120  12:34  Supply Depot, SCV  
  123  12:41  SCV  
  123  12:42  Sensor Tower  
  124  12:44  SCV  
  124  12:45  SCV  
  124  12:46  SCV  
  121  12:51  Supply Depot  
  121  12:53  SCV  
  121  12:58  Supply Depot  
  116  13:01  Thor x3  
  116  13:03  Hellbat  
  116  13:04  Hellbat  
  116  13:05  Hellbat, SCV  
  133  13:14  Supply Depot  
  111  13:21  Supply Depot  
  111  13:24  Thor  
  111  13:25  Hellbat x2  
  109  13:37  Supply Depot  
  109  13:44  Thor x2  
  108  14:00  Supply Depot  
  108  14:01  Thor  
  114  14:03  Hellbat x4  
  114  14:07  Thor  
  128  14:28  Thor x2  
  128  14:29  Hellbat x2  
  128  14:30  Hellbat x3  
  114  15:15  Thor x4  
  114  15:16  Hellbat x2  
  114  15:17  Hellbat x2  
  138  15:27  Command Center  
  138  15:29  Factory Reactor  
  138  15:30  Factory Tech Lab  
  138  15:37  Hellbat  
  140  15:48  Command Center  
  140  15:57  Thor  
  146  16:20  Thor  
  146  16:21  Thor x2  
  146  16:22  Hellbat  
  112  17:06  Thor x2  
  112  17:07  Thor  
  136  17:08  Hellbat x3  
  136  17:09  Hellbat x2  
  120  17:20  Thor  
  120  17:47  Thor  
  120  17:48  Hellbat  
  120  17:49  Thor x2  
  136  18:00  Thor  
  136  18:02  Hellion, Hellbat  
  143  18:15  Planetary Fortress  
  129  18:53  Thor x2  
  129  18:54  Thor x2  
  145  18:55  Hellbat x2  
  145  18:56  Hellbat  
  145  18:57  Hellion  
  145  19:34  Refinery  
  145  19:37  Refinery  
  145  19:45  Refinery  
  145  19:52  Thor x2  
  157  19:53  Hellbat  
  157  19:54  Hellbat x4  
  157  19:55  Hellbat  
  169  20:26  Command Center  
  123  20:40  Hellbat x3, Hellion, Thor x3  
  123  20:41  Hellbat x2  
  117  21:01  Thor  
  123  21:07  Missile Turret  
  123  21:10  Missile Turret  
  123  21:12  Missile Turret  
  123  21:17  Missile Turret  
  123  21:19  Missile Turret  
  123  21:21  Missile Turret  
  123  21:27  Thor  
  129  21:43  Orbital Command  
  121  22:11  Hellion  
  121  22:12  Refinery  
  121  22:17  Refinery  
  121  22:22  Thor x4  
  133  22:23  Thor  
  133  22:26  Hellbat  
  133  22:27  Hellbat  
  137  22:53  Thor  
  137  22:54  Hellbat x2  
  137  22:55  Hellbat x2  
Tags
 
Composition
Mech
Matchup
TvT
Race
Terran
Replay Pack
sc2 replays
Spawn Locations
Cross Positions
Add a new tag
Caveats
  • Supply blocks, unpowered buildings, or Contaminate may cause inaccurate times.
  • Supply counts are checked every 10 seconds.